[Event "Live Chess"]
[Site "Chess.com"]
[Date "2011.01.28"]
[Round "-"]
[White "TimArnett"]
[Black "hipposcottimus"]
[Result "0-1"]
[CurrentPosition "2n2r1k/p2b2pp/8/p1p1Np2/1r6/1B1PR1P1/2P4P/2K1R3 w - -"]
[Timezone "UTC"]
[ECO "A02"]
[ECOUrl "https://www.chess.com/openings/Birds-Opening-1...Nf6"]
[UTCDate "2011.01.28"]
[UTCTime "23:10:25"]
[WhiteElo "1556"]
[BlackElo "1541"]
[TimeControl "60"]
[Termination "hipposcottimus won on time"]
[StartTime "23:10:25"]
[EndDate "2011.01.28"]
[EndTime "23:12:27"]
[Link "https://www.chess.com/game/live/92422041"]

1. f4 Nf6 2. d3 d5 3. Nc3 d4 4. Ne4 e6 5. Nxf6+ Qxf6 6. Bd2 Bd6 7. e4 Bxf4 8. Bxf4 Qxf4 9. Ne2 Qe3 10. Qd2 O-O 11. Qxe3 dxe3 12. O-O-O f5 13. exf5 exf5 14. g3 Nc6 15. Bg2 Nb4 16. a3 Na6 17. Bd5+ Kh8 18. Bc4 Nc5 19. b4 Na4 20. Bb3 Nb6 21. a4 Bd7 22. a5 Nc8 23. Nd4 c6 24. Rde1 c5 25. Nf3 b6 26. Rxe3 bxa5 27. b5 Rb8 28. Rhe1 Rxb5 29. Ne5 Rb4 0-1

[Event "Live Chess"]
[Site "Chess.com"]
[Date "2011.01.28"]
[Round "-"]
[White "hipposcottimus"]
[Black "TimArnett"]
[Result "1-0"]
[CurrentPosition "7r/4rk2/5pp1/n2q4/1p3Q2/8/P5PP/5RK1 b - -"]
[Timezone "UTC"]
[ECO "B00"]
[ECOUrl "https://www.chess.com/openings/Owens-Defense"]
[UTCDate "2011.01.28"]
[UTCTime "23:07:47"]
[WhiteElo "1541"]
[BlackElo "1556"]
[TimeControl "60"]
[Termination "hipposcottimus won on time"]
[StartTime "23:07:47"]
[EndDate "2011.01.28"]
[EndTime "23:09:59"]
[Link "https://www.chess.com/game/live/92421398"]

1. e4 b6 2. Nf3 Bb7 3. Nc3 d6 4. d4 Nd7 5. d5 e6 6. Bc4 exd5 7. exd5 Be7 8. O-O Bf6 9. Ne4 Be5 10. Nfg5 f6 11. Nf3 c5 12. Nxe5 Nxe5 13. f4 Nxc4 14. b3 Na5 15. b4 cxb4 16. c4 Ba6 17. Be3 Bxc4 18. Rc1 Ne7 19. Qa4+ Kf7 20. Nxd6+ Qxd6 21. Bxb6 axb6 22. Qc2 Bxf1 23. f5 Qd7 24. Rxf1 Rac8 25. Qe4 Rce8 26. Qg4 g5 27. Qh5+ Ng6 28. fxg6+ hxg6 29. Qxg5 Qd6 30. Qf4 Qxd5 31. Qc7+ Re7 32. Qxb6 Re6 33. Qc7+ Re7 34. Qf4 1-0

[Event "Live Chess"]
[Site "Chess.com"]
[Date "2011.01.28"]
[Round "-"]
[White "TimArnett"]
[Black "hipposcottimus"]
[Result "0-1"]
[CurrentPosition "r4rk1/ppp3pp/8/2q1Pp2/3n4/P1PPQNP1/1Pb3BP/1K5R w - -"]
[Timezone "UTC"]
[ECO "A00"]
[ECOUrl "https://www.chess.com/openings/Kings-Fianchetto-Opening-1...e5"]
[UTCDate "2011.01.28"]
[UTCTime "23:05:35"]
[WhiteElo "1556"]
[BlackElo "1541"]
[TimeControl "60"]
[Termination "hipposcottimus won on time"]
[StartTime "23:05:35"]
[EndDate "2011.01.28"]
[EndTime "23:07:22"]
[Link "https://www.chess.com/game/live/92420745"]

1. g3 e5 2. e4 Nc6 3. Bg2 Nf6 4. Nc3 d5 5. exd5 Nb4 6. d6 Bxd6 7. a3 Nc6 8. d3 Bg4 9. f3 Bd7 10. Bg5 O-O 11. Qe2 Be7 12. Ne4 Nxe4 13. Bxe7 Qxe7 14. Qxe4 f5 15. Qe3 Nd4 16. O-O-O Qc5 17. c3 Nb3+ 18. Kb1 Ba4 19. f4 Nd4 20. fxe5 Bxd1 21. Nf3 Bc2+ 0-1

[Event "Live Chess"]
[Site "Chess.com"]
[Date "2011.01.28"]
[Round "-"]
[White "hipposcottimus"]
[Black "TimArnett"]
[Result "1-0"]
[CurrentPosition "3r3r/3qb1p1/1k1p1p2/1P2nP2/1P1QPB1p/8/6PP/2R2RK1 b - -"]
[Timezone "UTC"]
[ECO "C50"]
[ECOUrl "https://www.chess.com/openings/Italian-Game-3...d6-4.d4-Bg4"]
[UTCDate "2011.01.28"]
[UTCTime "23:03:17"]
[WhiteElo "1541"]
[BlackElo "1556"]
[TimeControl "60"]
[Termination "hipposcottimus won on time"]
[StartTime "23:03:17"]
[EndDate "2011.01.28"]
[EndTime "23:05:18"]
[Link "https://www.chess.com/game/live/92420178"]

1. e4 e5 2. Nf3 Nc6 3. Bc4 d6 4. d4 Bg4 5. dxe5 Bxf3 6. Qxf3 Nxe5 7. Qb3 Nh6 8. f4 Nxc4 9. Qxc4 Qd7 10. O-O O-O-O 11. Nc3 Be7 12. Nd5 Ng4 13. f5 Ne5 14. Qb3 f6 15. c4 c6 16. Qb6 cxd5 17. Qxa7 b5 18. Qa8+ Kc7 19. Qxd5 Ng4 20. cxb5 h5 21. Bf4 h4 22. Rac1+ Kb6 23. a4 Ne5 24. a5+ Kxa5 25. b4+ Kb6 26. Qd4+ 1-0

[Event "Live Chess"]
[Site "Chess.com"]
[Date "2011.01.28"]
[Round "-"]
[White "TimArnett"]
[Black "hipposcottimus"]
[Result "0-1"]
[CurrentPosition "5k2/p1q3p1/p6p/7P/4p2P/4K3/8/8 w - -"]
[Timezone "UTC"]
[ECO "C26"]
[ECOUrl "https://www.chess.com/openings/Vienna-Game-Falkbeer-Variation-3.d3"]
[UTCDate "2011.01.28"]
[UTCTime "23:00:46"]
[WhiteElo "1556"]
[BlackElo "1541"]
[TimeControl "60"]
[Termination "hipposcottimus won on time"]
[StartTime "23:00:46"]
[EndDate "2011.01.28"]
[EndTime "23:03:05"]
[Link "https://www.chess.com/game/live/92419549"]

1. e4 e5 2. Nc3 Nf6 3. d3 Nc6 4. Bg5 d5 5. Bxf6 Qxf6 6. exd5 Nb4 7. a3 Na6 8. d6 Bxd6 9. Nd5 Qe6 10. c4 c6 11. Ne3 O-O 12. c5 Bxc5 13. d4 Bxd4 14. Bxa6 bxa6 15. Nf3 Bxb2 16. Rb1 Bc3+ 17. Nd2 Qd6 18. O-O Bxd2 19. Qh5 Bxe3 20. fxe3 Qd3 21. Rbd1 Qxe3+ 22. Kh1 f5 23. Rde1 Qd4 24. Rg1 e4 25. Rd1 Qc4 26. Rc1 Qd5 27. Rcd1 Qe6 28. Rde1 Bb7 29. Re3 c5 30. Rh3 h6 31. Rg3 Qf6 32. Rf1 f4 33. Rg4 Bc6 34. Rgxf4 Be8 35. Rxf6 Bxh5 36. Rxf8+ Rxf8 37. Rxf8+ Kxf8 38. g3 c4 39. h3 c3 40. g4 c2 41. gxh5 c1=Q+ 42. Kg2 Qxa3 43. Kf2 Qa2+ 44. Ke3 Qc2 45. h4 Qc7 0-1

[Event "Live Chess"]
[Site "Chess.com"]
[Date "2011.01.28"]
[Round "-"]
[White "hipposcottimus"]
[Black "TimArnett"]
[Result "1-0"]
[CurrentPosition "3r2r1/1k4q1/1p1p4/pPpPnB2/2Pb1PNQ/1P6/6PP/R4R1K b - -"]
[Timezone "UTC"]
[ECO "B00"]
[ECOUrl "https://www.chess.com/openings/Owens-Defense-2.d4-Bb7"]
[UTCDate "2011.01.28"]
[UTCTime "22:58:24"]
[WhiteElo "1541"]
[BlackElo "1556"]
[TimeControl "60"]
[Termination "hipposcottimus won on time"]
[StartTime "22:58:24"]
[EndDate "2011.01.28"]
[EndTime "23:00:28"]
[Link "https://www.chess.com/game/live/92418987"]

1. e4 b6 2. d4 Bb7 3. e5 Be4 4. f3 Bd5 5. c4 Bc6 6. d5 Bb7 7. Nc3 a5 8. a4 Ba6 9. b3 c5 10. Nge2 Nh6 11. Ng3 g6 12. Bxh6 Bxh6 13. Bd3 Be3 14. Nf1 Bd4 15. Qc2 h5 16. Qd2 d6 17. Ne3 Nd7 18. O-O Qc7 19. Kh1 O-O-O 20. Nb5 Bxb5 21. axb5 h4 22. exd6 exd6 23. Ng4 f5 24. Nf2 g5 25. Qxg5 Rhg8 26. Qxh4 Ne5 27. Bxf5+ Kb7 28. f4 Qg7 29. Ng4 1-0

[Event "Live Chess"]
[Site "Chess.com"]
[Date "2011.01.28"]
[Round "-"]
[White "TimArnett"]
[Black "hipposcottimus"]
[Result "0-1"]
[CurrentPosition "1r5k/p6p/2pb4/2p1p3/3pP2p/3P3P/PrP1NR2/2K3R1 w - -"]
[Timezone "UTC"]
[ECO "C42"]
[ECOUrl "https://www.chess.com/openings/Petrovs-Defense-Three-Knights-Game"]
[UTCDate "2011.01.28"]
[UTCTime "22:56:08"]
[WhiteElo "1556"]
[BlackElo "1541"]
[TimeControl "60"]
[Termination "hipposcottimus won on time"]
[StartTime "22:56:08"]
[EndDate "2011.01.28"]
[EndTime "22:58:13"]
[Link "https://www.chess.com/game/live/92418382"]

1. e4 e5 2. Nc3 Nf6 3. Nf3 Nc6 4. g3 d5 5. Bb5 d4 6. Bxc6+ bxc6 7. Ne2 Bd6 8. d3 O-O 9. Bg5 Bg4 10. Bxf6 Qxf6 11. Nh4 g5 12. f3 gxh4 13. fxg4 Kh8 14. g5 Qxg5 15. g4 Qxg4 16. Qd2 Rg8 17. O-O-O Rab8 18. Rdf1 Qd7 19. h3 c5 20. Qa5 Rb5 21. Qa4 Rgb8 22. Qc4 c6 23. Rxf7 Qe8 24. Rhf1 Qg8 25. R7f2 Rxb2 26. Qxg8+ Kxg8 27. Rg1+ Kh8 0-1

[Event "Live Chess"]
[Site "Chess.com"]
[Date "2011.01.28"]
[Round "-"]
[White "hipposcottimus"]
[Black "TimArnett"]
[Result "1-0"]
[CurrentPosition "7k/1b4r1/3pQ2p/1B1P4/PP3p1P/8/5P1P/5K2 b - -"]
[Timezone "UTC"]
[ECO "C40"]
[ECOUrl "https://www.chess.com/openings/Kings-Pawn-Opening-Kings-Knight-Variation"]
[UTCDate "2011.01.28"]
[UTCTime "22:53:46"]
[WhiteElo "1541"]
[BlackElo "1556"]
[TimeControl "60"]
[Termination "hipposcottimus won on time"]
[StartTime "22:53:46"]
[EndDate "2011.01.28"]
[EndTime "22:55:57"]
[Link "https://www.chess.com/game/live/92417746"]

1. e4 e5 2. Nf3 b6 3. d4 Bb7 4. d5 c6 5. Nxe5 cxd5 6. exd5 d6 7. Nf3 Qc7 8. Be2 Nd7 9. O-O Be7 10. c4 Ngf6 11. Nc3 O-O 12. Bg5 a6 13. Bxf6 Nxf6 14. Ng5 b5 15. cxb5 axb5 16. Bxb5 Ra5 17. b4 Raa8 18. a4 Rac8 19. Nce4 Nxe4 20. Nxe4 f5 21. Ng3 Bh4 22. Nh5 g6 23. g3 gxh5 24. gxh4 Qg7+ 25. Kh1 f4 26. Rg1 Qxg1+ 27. Qxg1+ Kh8 28. Qg5 Rg8 29. Qxh5 Rcf8 30. Rg1 Rxg1+ 31. Kxg1 Rg8+ 32. Kf1 h6 33. Qf7 Rg7 34. Qe6 1-0

[Event "Live Chess"]
[Site "Chess.com"]
[Date "2011.01.28"]
[Round "-"]
[White "TimArnett"]
[Black "hipposcottimus"]
[Result "0-1"]
[CurrentPosition "6k1/2p2pp1/2p1p2p/2P1N3/p4P1K/P3R1PP/r2rb3/8 w - -"]
[Timezone "UTC"]
[ECO "A02"]
[ECOUrl "https://www.chess.com/openings/Birds-Opening-1...Nf6"]
[UTCDate "2011.01.28"]
[UTCTime "22:51:39"]
[WhiteElo "1556"]
[BlackElo "1541"]
[TimeControl "60"]
[Termination "hipposcottimus won on time"]
[StartTime "22:51:39"]
[EndDate "2011.01.28"]
[EndTime "22:53:33"]
[Link "https://www.chess.com/game/live/92417148"]

1. f4 Nf6 2. e4 d5 3. d4 dxe4 4. Qe2 Qd5 5. g3 e6 6. Bg2 Bb4+ 7. c3 Ba5 8. b4 Bb6 9. Nd2 O-O 10. c4 Qd7 11. c5 Bxc5 12. bxc5 Nc6 13. Nxe4 Nxe4 14. Bxe4 Qxd4 15. Bxc6 Qxa1 16. Nf3 Qxc1+ 17. Qd1 Qe3+ 18. Qe2 Qxe2+ 19. Kxe2 bxc6 20. Rd1 Ba6+ 21. Kf2 Bb5 22. a3 a5 23. Kg2 a4 24. Ne5 Rad8 25. Re1 Rd2+ 26. Kh3 Rfd8 27. Re3 Ra2 28. Kg4 Rdd2 29. h3 Be2+ 30. Kh4 h6 0-1

[Event "Live Chess"]
[Site "Chess.com"]
[Date "2011.01.28"]
[Round "-"]
[White "hipposcottimus"]
[Black "TimArnett"]
[Result "1-0"]
[CurrentPosition "2r5/2kb1ppp/3R4/2Q5/8/4B3/PP3PPP/2R3K1 b - -"]
[Timezone "UTC"]
[ECO "B01"]
[ECOUrl "https://www.chess.com/openings/Scandinavian-Defense-2.e5"]
[UTCDate "2011.01.28"]
[UTCTime "22:49:17"]
[WhiteElo "1541"]
[BlackElo "1556"]
[TimeControl "60"]
[Termination "hipposcottimus won on time"]
[StartTime "22:49:17"]
[EndDate "2011.01.28"]
[EndTime "22:51:20"]
[Link "https://www.chess.com/game/live/92416560"]

1. e4 d5 2. e5 d4 3. c3 Be6 4. cxd4 Qxd4 5. d3 c5 6. Be2 c4 7. Nf3 cxd3 8. Nxd4 dxe2 9. Qxe2 Nc6 10. Qb5 O-O-O 11. Nxc6 Rd5 12. Nxa7+ Kb8 13. Nc6+ Kc7 14. Qc4 bxc6 15. Qc3 Kb6 16. Be3+ Kc7 17. Na3 Bd7 18. O-O e6 19. Nc4 Be7 20. Nd6 Nh6 21. Rfd1 Nf5 22. Rxd5 Nxd6 23. exd6+ Bxd6 24. Rd4 e5 25. Rd3 Rc8 26. Rc1 Kd8 27. Rxd6 c5 28. Qxe5 Kc7 29. Qxc5+ 1-0

[Event "Live Chess"]
[Site "Chess.com"]
[Date "2011.01.28"]
[Round "-"]
[White "TimArnett"]
[Black "hipposcottimus"]
[Result "0-1"]
[CurrentPosition "5rk1/pp4pp/4p3/2p2p2/2P5/1r5P/5KP1/8 w - -"]
[Timezone "UTC"]
[ECO "A02"]
[ECOUrl "https://www.chess.com/openings/Birds-Opening-1...Nf6"]
[UTCDate "2011.01.28"]
[UTCTime "22:47:05"]
[WhiteElo "1556"]
[BlackElo "1541"]
[TimeControl "60"]
[Termination "hipposcottimus won on time"]
[StartTime "22:47:05"]
[EndDate "2011.01.28"]
[EndTime "22:49:09"]
[Link "https://www.chess.com/game/live/92415980"]

1. f4 Nf6 2. d3 d5 3. e3 c5 4. Nf3 Nc6 5. Be2 Bg4 6. O-O Bxf3 7. Bxf3 e6 8. Bd2 Bd6 9. Bc3 O-O 10. b3 d4 11. Bb2 dxe3 12. Re1 Bxf4 13. Qe2 Bh6 14. Bc1 Nd5 15. c4 Nd4 16. Qf1 e2 17. Rxe2 Nxe2+ 18. Qxe2 Nf4 19. Bxf4 Bxf4 20. Nd2 Rc8 21. Ne4 Qd4+ 22. Kh1 Qxa1+ 23. Qd1 Qxa2 24. Nc3 Qf2 25. Ne4 Qd4 26. Nd2 Rcd8 27. Ne4 Be3 28. Qe2 f5 29. Nd2 Qxd3 30. Qxd3 Rxd3 31. Nf1 Bf2 32. Be2 Rd2 33. h3 Rxe2 34. Ng3 Re1+ 35. Kh2 Bxg3+ 36. Kxg3 Re3+ 37. Kf2 Rxb3 0-1

[Event "Live Chess"]
[Site "Chess.com"]
[Date "2011.01.28"]
[Round "-"]
[White "hipposcottimus"]
[Black "TimArnett"]
[Result "0-1"]
[CurrentPosition "8/8/2p5/p1p5/Q1P5/1Pk2P2/6RP/6K1 w - -"]
[Timezone "UTC"]
[ECO "B01"]
[ECOUrl "https://www.chess.com/openings/Scandinavian-Defense-Mieses-Kotrc-Variation-3.Nc3-Qd8-4.d4"]
[UTCDate "2011.01.28"]
[UTCTime "22:44:34"]
[WhiteElo "1541"]
[BlackElo "1556"]
[TimeControl "60"]
[Termination "TimArnett won on time"]
[StartTime "22:44:34"]
[EndDate "2011.01.28"]
[EndTime "22:46:54"]
[Link "https://www.chess.com/game/live/92415259"]

1. e4 d5 2. exd5 Qxd5 3. Nc3 Qd8 4. d4 e6 5. Nf3 Bb4 6. Bd2 Bxc3 7. Bxc3 Bd7 8. Be2 Nc6 9. O-O Qe7 10. Re1 Nf6 11. Bb5 O-O-O 12. d5 exd5 13. Rxe7 d4 14. Bxc6 bxc6 15. Nxd4 c5 16. Nc6 Bxc6 17. Rxf7 Rxd1+ 18. Rxd1 Re8 19. Rxg7 Bb5 20. Bxf6 Be2 21. Rd8+ Rxd8 22. Bxd8 Kxd8 23. Rg8+ Kd7 24. Rg7+ Kc6 25. Rxh7 Kb7 26. f3 Bc4 27. b3 Bd5 28. c4 Bc6 29. Rh6 Bd7 30. g4 Be8 31. g5 Bf7 32. g6 Bg8 33. g7 Kc8 34. Rh8 Kd7 35. Rxg8 Ke7 36. Rh8 Kf7 37. g8=Q+ Kf6 38. Rh7 c6 39. Qg7+ Kf5 40. Rh6 Kf4 41. Qg6 Ke3 42. Rh4 Ke2 43. Qe4+ Kd2 44. Rg4 a5 45. Rg2+ Kc3 46. Qc2+ Kb4 47. a3+ Kxa3 48. Qa2+ Kb4 49. Qa4+ Kc3 0-1

[Event "Live Chess"]
[Site "Chess.com"]
[Date "2011.01.28"]
[Round "-"]
[White "TimArnett"]
[Black "hipposcottimus"]
[Result "1-0"]
[CurrentPosition "3r3k/pp3B1p/2p3p1/8/PPP1p3/6qP/1B4P1/5R1K b - -"]
[Timezone "UTC"]
[ECO "A02"]
[ECOUrl "https://www.chess.com/openings/Birds-Opening-1...Nf6"]
[UTCDate "2011.01.28"]
[UTCTime "22:42:30"]
[WhiteElo "1556"]
[BlackElo "1541"]
[TimeControl "60"]
[Termination "TimArnett won on time"]
[StartTime "22:42:30"]
[EndDate "2011.01.28"]
[EndTime "22:44:28"]
[Link "https://www.chess.com/game/live/92414664"]

1. f4 Nf6 2. d3 d5 3. f5 Bxf5 4. Nf3 Bg4 5. h3 Bxf3 6. exf3 e5 7. Be2 Bb4+ 8. c3 Bc5 9. b4 Bd6 10. a4 O-O 11. O-O c6 12. Nd2 Qc7 13. Rf2 e4 14. fxe4 Bh2+ 15. Kh1 Bg3 16. Rf3 dxe4 17. dxe4 Rd8 18. Bb2 Nxe4 19. Nxe4 Rxd1+ 20. Rxd1 Na6 21. Rxg3 f5 22. Bc4+ Kh8 23. Bxa6 fxe4 24. Bc4 Qxg3 25. Rf1 Rd8 26. Bf7 g6 27. c4+ 1-0

[Event "Live Chess"]
[Site "Chess.com"]
[Date "2011.01.28"]
[Round "-"]
[White "hipposcottimus"]
[Black "TimArnett"]
[Result "1-0"]
[CurrentPosition "r4q2/pb1k4/1p1N1B2/3P3Q/4P3/2N5/PP3KPP/R6R b - -"]
[Timezone "UTC"]
[ECO "C40"]
[ECOUrl "https://www.chess.com/openings/Kings-Pawn-Opening-Kings-Knight-Variation"]
[UTCDate "2011.01.28"]
[UTCTime "22:40:02"]
[WhiteElo "1541"]
[BlackElo "1556"]
[TimeControl "60"]
[Termination "hipposcottimus won on time"]
[StartTime "22:40:02"]
[EndDate "2011.01.28"]
[EndTime "22:42:02"]
[Link "https://www.chess.com/game/live/92414068"]

1. e4 e5 2. Nf3 b6 3. d4 Bb7 4. d5 c6 5. c4 cxd5 6. cxd5 Bc5 7. Nc3 g5 8. Bxg5 f6 9. Bh4 Nh6 10. Be2 Rg8 11. Qd2 d6 12. Qxh6 Nd7 13. Qxh7 Bxf2+ 14. Kxf2 Rf8 15. Bb5 Rf7 16. Qh8+ Rf8 17. Qh5+ Rf7 18. Bxd7+ Qxd7 19. Nxe5 Qe7 20. Nxf7 Qf8 21. Nxd6+ Kd7 22. Bxf6 1-0

[Event "Live Chess"]
[Site "Chess.com"]
[Date "2011.01.28"]
[Round "-"]
[White "TimArnett"]
[Black "hipposcottimus"]
[Result "0-1"]
[CurrentPosition "2kr3r/ppp1nppp/1b6/8/1P4P1/2P1pP2/P3Kq2/RN1Q4 w - -"]
[Timezone "UTC"]
[ECO "A02"]
[ECOUrl "https://www.chess.com/openings/Birds-Opening-Froms-Gambit-2.fxe5"]
[UTCDate "2011.01.28"]
[UTCTime "22:38:07"]
[WhiteElo "1556"]
[BlackElo "1541"]
[TimeControl "60"]
[Termination "hipposcottimus won by checkmate"]
[StartTime "22:38:07"]
[EndDate "2011.01.28"]
[EndTime "22:39:49"]
[Link "https://www.chess.com/game/live/92413566"]

1. f4 e5 2. fxe5 d5 3. e6 Bxe6 4. Nf3 Nc6 5. g3 Qf6 6. Bg2 Bc5 7. d4 Nxd4 8. c3 Nxf3+ 9. Bxf3 Bg4 10. b4 Bxf3 11. exf3 Bb6 12. Rf1 Ne7 13. g4 Qh4+ 14. Kd2 Qxh2+ 15. Kd3 O-O-O 16. Be3 d4 17. Rf2 dxe3+ 18. Ke2 Qxf2# 0-1

[Event "Live Chess"]
[Site "Chess.com"]
[Date "2011.01.28"]
[Round "-"]
[White "hipposcottimus"]
[Black "TimArnett"]
[Result "1-0"]
[CurrentPosition "rn3kR1/p2pq3/bp3N2/2pPp2Q/2P1P3/2N5/PP3PP1/R3KB2 b Q -"]
[Timezone "UTC"]
[ECO "B00"]
[ECOUrl "https://www.chess.com/openings/Owens-Defense-2.d4-Bb7"]
[UTCDate "2011.01.28"]
[UTCTime "22:36:34"]
[WhiteElo "1541"]
[BlackElo "1556"]
[TimeControl "60"]
[Termination "hipposcottimus won by checkmate"]
[StartTime "22:36:34"]
[EndDate "2011.01.28"]
[EndTime "22:37:53"]
[Link "https://www.chess.com/game/live/92413159"]

1. e4 b6 2. d4 Bb7 3. d5 e5 4. c4 c5 5. Nf3 Qe7 6. Nc3 Ba6 7. Bg5 f6 8. Be3 g5 9. h3 g4 10. hxg4 Bg7 11. g5 fxg5 12. Bxg5 Bf6 13. Rh5 Bxg5 14. Nxg5 Nf6 15. Rh6 Rg8 16. Nxh7 Rg7 17. Nxf6+ Kf7 18. Qh5+ Kf8 19. Rh8+ Rg8 20. Rxg8# 1-0

[Event "Live Chess"]
[Site "Chess.com"]
[Date "2011.01.28"]
[Round "-"]
[White "Mashdy"]
[Black "hipposcottimus"]
[Result "1-0"]
[CurrentPosition "r2k3r/pppn1p1p/5p2/5B2/5B2/2P3P1/P1P2K1P/R2QR3 w - -"]
[Timezone "UTC"]
[ECO "C20"]
[ECOUrl "https://www.chess.com/openings/Kings-Pawn-Opening-Leonardis-Variation-2...Nf6-3.Nf3"]
[UTCDate "2011.01.28"]
[UTCTime "22:32:21"]
[WhiteElo "1377"]
[BlackElo "1546"]
[TimeControl "60"]
[Termination "Mashdy won by resignation"]
[StartTime "22:32:21"]
[EndDate "2011.01.28"]
[EndTime "22:33:32"]
[Link "https://www.chess.com/game/live/92411975"]

1. e4 e5 2. d3 Nf6 3. Nf3 d5 4. Nc3 dxe4 5. dxe4 Bb4 6. Bd2 Bxc3 7. bxc3 Nxe4 8. Bd3 Bf5 9. Nxe5 Nxf2 10. Kxf2 Qh4+ 11. g3 Bg4 12. Nxg4 Qf6+ 13. Nxf6+ gxf6 14. Re1+ Kd7 15. Bf5+ Kd8 16. Bf4+ Nd7 1-0

[Event "Live Chess"]
[Site "Chess.com"]
[Date "2011.01.28"]
[Round "-"]
[White "goranb"]
[Black "hipposcottimus"]
[Result "1-0"]
[CurrentPosition "1R2k3/p1R3pp/2P5/8/8/8/P4PKP/8 b - -"]
[Timezone "UTC"]
[ECO "C44"]
[ECOUrl "https://www.chess.com/openings/Kings-Pawn-Opening-Kings-Knight-Variation-2...Nc6-3.d3-Nf6"]
[UTCDate "2011.01.28"]
[UTCTime "22:29:54"]
[WhiteElo "1552"]
[BlackElo "1557"]
[TimeControl "60"]
[Termination "goranb won by checkmate"]
[StartTime "22:29:54"]
[EndDate "2011.01.28"]
[EndTime "22:31:56"]
[Link "https://www.chess.com/game/live/92411267"]

1. e4 e5 2. Nf3 Nc6 3. d3 Nf6 4. c4 Bc5 5. Be2 d5 6. Nc3 Bb4 7. cxd5 Bg4 8. dxc6 Bxf3 9. Bxf3 Qd4 10. O-O O-O 11. Nd5 Nxd5 12. exd5 bxc6 13. Be3 Qxb2 14. dxc6 f5 15. Rb1 Qa3 16. Bd2 Bc5 17. Qb3+ Rf7 18. Qxa3 Bxa3 19. Rb3 Rf6 20. Rxa3 Rb8 21. Rb3 Rd8 22. Rfb1 Rdd6 23. Rb7 Rf8 24. Bb4 e4 25. dxe4 fxe4 26. Bxd6 exf3 27. Bxf8 fxg2 28. Kxg2 Kxf8 29. Rxc7 Ke8 30. Rb8# 1-0

[Event "Live Chess"]
[Site "Chess.com"]
[Date "2011.01.28"]
[Round "-"]
[White "hipposcottimus"]
[Black "goranb"]
[Result "0-1"]
[CurrentPosition "5rk1/1p3pp1/p2p3p/3P4/5P2/4BP2/PPq1r2P/R4RK1 b - -"]
[Timezone "UTC"]
[ECO "C41"]
[ECOUrl "https://www.chess.com/openings/Philidor-Defense-3.Bc4"]
[UTCDate "2011.01.28"]
[UTCTime "22:28:20"]
[WhiteElo "1566"]
[BlackElo "1543"]
[TimeControl "60"]
[Termination "goranb won by resignation"]
[StartTime "22:28:20"]
[EndDate "2011.01.28"]
[EndTime "22:29:43"]
[Link "https://www.chess.com/game/live/92410854"]

1. e4 e5 2. Nf3 d6 3. Bc4 h6 4. d4 exd4 5. Nxd4 Nf6 6. Nc3 Be7 7. f4 O-O 8. O-O c5 9. e5 cxd4 10. exf6 Bxf6 11. Nd5 Be6 12. Nxf6+ Qxf6 13. Bb5 a6 14. Bd3 Bf5 15. Qf3 Nc6 16. Be4 Bxe4 17. Qxe4 Rae8 18. Qf3 Qf5 19. c3 Qc2 20. cxd4 Re2 21. d5 Nd4 22. Be3 Nxf3+ 23. gxf3 0-1

[Event "Live Chess"]
[Site "Chess.com"]
[Date "2011.01.28"]
[Round "-"]
[White "jepone"]
[Black "hipposcottimus"]
[Result "1-0"]
[CurrentPosition "r3k2r/ppp3pp/2n1bR2/1B1pN3/3Q4/8/PPP3PP/RN4K1 b kq -"]
[Timezone "UTC"]
[ECO "C36"]
[ECOUrl "https://www.chess.com/openings/Kings-Gambit-Accepted-Modern-Defense"]
[UTCDate "2011.01.28"]
[UTCTime "22:26:05"]
[WhiteElo "1526"]
[BlackElo "1575"]
[TimeControl "60"]
[Termination "jepone won on time"]
[StartTime "22:26:05"]
[EndDate "2011.01.28"]
[EndTime "22:27:11"]
[Link "https://www.chess.com/game/live/92410160"]

1. e4 e5 2. f4 d5 3. Nf3 exf4 4. e5 Be6 5. d4 Nc6 6. Bxf4 f6 7. Bb5 fxe5 8. Bxe5 Qe7 9. O-O Nf6 10. Bxf6 Qxf6 11. Ne5 Bc5 12. Rxf6 Bxd4+ 13. Qxd4 1-0

[Event "Live Chess"]
[Site "Chess.com"]
[Date "2011.01.28"]
[Round "-"]
[White "paleoliberal"]
[Black "hipposcottimus"]
[Result "1-0"]
[CurrentPosition "rn4kr/p1pq3p/5pnB/7Q/2pbP1B1/3P4/PP3PPP/R3K2R b KQ -"]
[Timezone "UTC"]
[ECO "C40"]
[ECOUrl "https://www.chess.com/openings/Kings-Pawn-Opening-Kings-Knight-Elephant-Gambit"]
[UTCDate "2011.01.28"]
[UTCTime "22:21:24"]
[WhiteElo "1447"]
[BlackElo "1584"]
[TimeControl "60"]
[Termination "paleoliberal won on time"]
[StartTime "22:21:24"]
[EndDate "2011.01.28"]
[EndTime "22:23:06"]
[Link "https://www.chess.com/game/live/92408962"]

1. e4 e5 2. Nf3 d5 3. c4 dxc4 4. Nc3 Be6 5. Nxe5 f6 6. Nxc4 Bc5 7. Na4 Bd4 8. d3 b5 9. Bf4 bxc4 10. Nc5 Ne7 11. Nxe6 Qd7 12. Nxg7+ Kf7 13. Qh5+ Kxg7 14. Bh6+ Kg8 15. Be2 Ng6 16. Bg4 1-0

[Event "Live Chess"]
[Site "Chess.com"]
[Date "2011.01.28"]
[Round "-"]
[White "paleoliberal"]
[Black "hipposcottimus"]
[Result "1-0"]
[CurrentPosition "4r3/ppp2pPk/8/5P2/1nP1p3/1Nq5/2P2P2/1K5Q b - -"]
[Timezone "UTC"]
[ECO "C55"]
[ECOUrl "https://www.chess.com/openings/Italian-Game-Two-Knights-Open-4...Nxe4"]
[UTCDate "2011.01.28"]
[UTCTime "22:18:29"]
[WhiteElo "1440"]
[BlackElo "1589"]
[TimeControl "60"]
[Termination "paleoliberal won on time"]
[StartTime "22:18:29"]
[EndDate "2011.01.28"]
[EndTime "22:20:35"]
[Link "https://www.chess.com/game/live/92408039"]

1. e4 e5 2. Nf3 Nc6 3. Bc4 Nf6 4. d4 Nxe4 5. Qe2 d5 6. Bxd5 Qxd5 7. Nc3 Bb4 8. Bd2 Nxd2 9. Nxd2 Bxc3 10. bxc3 e4 11. c4 Qxd4 12. O-O-O O-O 13. Nb3 Qb6 14. h4 Bf5 15. g4 Nb4 16. gxf5 Nxa2+ 17. Kb2 Nb4 18. h5 Qf6+ 19. Kb1 Qc3 20. h6 Rfe8 21. hxg7 Rad8 22. Rxh7 Rxd1+ 23. Qxd1 Kxh7 24. Qh1+ 1-0